 Dungeon Crawl Stone Soup version 0.19-a0-1834-g6b7851e (webtiles) character file.

2016 KarmaPolice the Slasher (level 9, -1/71 HPs)
             Began as a Vampire Gladiator on Oct 8, 2016.
             Was a Follower of Qazlal.
             Slain by a hippogriff (5 damage)
             ... on level 6 of the Dungeon.
             The game lasted 00:17:00 (11631 turns).

KarmaPolice the Slasher (Vampire Gladiator)        Turns: 11631, Time: 00:17:01

Health: -1/71      AC:  0    Str: 15    XL:     9   Next: 3%
Magic:  10/12      EV: 22    Int: 10    God:    Qazlal [*.....]
Gold:   342        SH:  2    Dex: 22    Spells: 0 memorised, 8 levels left

rFire  . . .     SeeInvis +     (weapon currently unavailable)
rCold  . . .     Gourm    .     (armour currently unavailable)
rNeg   + . .     Faith    .     (shield currently unavailable)
rPois  .         Spirit   .     (helmet currently unavailable)
rElec  .         Dismiss  .     (cloak currently unavailable)
rCorr  .         Reflect  .     (gloves currently unavailable)
MR     .....     Harm     .     (boots currently unavailable)
Stlth  ++++......               y - amulet of regeneration
                                (ring currently unavailable)
                                (ring currently unavailable)

@: bat-form, flying, very quick
A: fangs 3, see invisible, (unbreathing)
a: End Transformation, Renounce Religion


You were on level 6 of the Dungeon.
You worshipped Qazlal.
Qazlal was aware of your devotion.
You were not thirsty.
You were in vampire-bat-form.
You visited 2 branches of the dungeon, and saw 8 of its levels.

You collected 342 gold pieces.

Inventory:

Hand Weapons
 a - a +0 long sword
 t - a +5 dagger of speed (melded)
Missiles
 d - 5 throwing nets (quivered)
Armour
 b - a +0 leather armour (melded)
 c - a +0 helmet (melded)
 v - a +0 cloak (melded)
Jewellery
 n - a ring of magical power (melded)
 r - an uncursed ring of fire
 y - an amulet of regeneration (around neck)
 C - an uncursed ring of see invisible {unknown}
Wands
 w - a wand of digging (24/24)
 B - a wand of lightning (9/15)
Scrolls
 f - 2 scrolls of recharging
 g - 5 scrolls of teleportation {unknown}
 i - 2 scrolls of identify
 k - 4 scrolls of amnesia
 l - 4 scrolls of remove curse
 m - a scroll of vulnerability {unknown}
 o - 3 scrolls of fog
 p - a scroll of magic mapping {unknown}
 u - 3 scrolls of random uselessness {unknown}
Potions
 e - 5 potions of blood
 h - 3 potions of might
 q - a potion of lignification
 s - a potion of degeneration {unknown}
 x - a potion of flight {unknown}
 z - a potion of cure mutation {unknown}
Books
 A - a book of Changes

   Spells                             Type                      Level
   a - Beastly Appendage              Transmutation                1
   b - Sticks to Snakes               Transmutation                2
   c - Spider Form                    Transmutation/Poison         3
   d - Ice Form                       Ice/Transmutation            4
   e - Blade Hands                    Transmutation                5


   Skills:
 + Level 6.6 Fighting
 + Level 7.7 Long Blades
 - Level 1.5 Throwing
 - Level 0.4 Armour
 - Level 3.2 Dodging
 + Level 5.0 Invocations
 + Level 1.9 Evocations


You had 8 spell levels left.
You didn't know any spells.

Dungeon Overview and Level Annotations

Branches:
Dungeon (7/15)             Temple (1/1) D:4

Altars:
Ashenzari
Dithmenos
Fedhas
Gozag
Okawaru
Qazlal
Ru
Sif Muna
Trog
Uskayaw
Yredelemnul

Annotations:
D:5 kae's ghost, amateur FoFi
D:7 jbasstz's ghost, novice TrFi


Innate Abilities, Weirdness & Mutations

You have razor-sharp teeth.
You have supernaturally acute eyesight. (SInv)
((You can survive without breathing.))


Message History

The hippogriff is severely wounded.
The hippogriff bites you!
* * * LOW HITPOINT WARNING * * *
The hippogriff pecks you!
* * * LOW HITPOINT WARNING * * *
The hippogriff claws you.
* * * LOW HITPOINT WARNING * * *
You feel better. You block the hippogriff's attack.
The hippogriff pecks you but does no damage.
The hippogriff claws you.
* * * LOW HITPOINT WARNING * * *
You turn into a vampire bat.
Your +5 dagger of speed melds into your body.
Your +0 cloak melds into your body.
Your +0 helmet melds into your body.
Your +0 leather armour melds into your body.
Your ring of magical power melds into your body.
You feel your magic capacity decrease. The hippogriff bites you.
* * * LOW HITPOINT WARNING * * *
The hippogriff completely misses you. The hippogriff claws you.
You die...

# #............# #...##.#..... #
#######.5....# #.#.##.#..#.. #
#......[..#######.#..#.#..#..
#####.........####.......#.#..#..
...................#.#.#...#..#H.
####......H...##...........#..#.#
#...............#.#.#...#..#.#
#....########H..........#..#.# #
#....# #b..#.#.#...#.^#.#
####....# #.........#....#.#
#......)# #....#....##......
#.......########....#.#.###...#.#
#.......#(.)))....#.#.#.# #...(..
#.......#.###)........#.# ##..#.#
#.......#.# #.........#.# #..#.#
#.......#.# #.........#.# ##.#.#
........#<# #.........#.# #.#.#


You could see a hippogriff.

Vanquished Creatures
  Prince Ribbit (D:5)
  Sigmund (D:4)
  Duvessa (D:4)
  An ice beast (D:5)
  2 ogres (D:6)
  2 centaurs
  2 bullfrogs (D:6)
  Blork the orc (D:4)
  Dowan (D:4)
  A scorpion (D:4)
  3 crimson imps
  3 hounds
  An orc priest (D:3)
  Crazy Yiuf (D:5)
  2 orc wizards
  A centaur skeleton (D:6)
  2 iguanas (D:5)
  8 worker ants
  A hound skeleton (D:6)
  A howler monkey zombie (D:5)
  4 gnolls (D:4)
  3 adders
  2 shadow imps (D:6)
  An adder skeleton (D:5)
  3 worms
  5 dart slugs
  4 leopard geckos
  26 orcs
  8 giant cockroaches
  5 goblins
  9 hobgoblins
  21 jackals
  8 kobolds
  3 ball pythons
  10 bats
  6 frilled lizards
  2 leopard gecko skeletons (D:4)
  9 rats
165 creatures vanquished.

Notes
Turn   | Place    | Note
-------+----------+-------------------------------------------
     0 | D:1      | KarmaPolice the Vampire Gladiator began the quest for the Orb.
     0 | D:1      | Reached XP level 1. HP: 16/16 MP: 1/1
   460 | D:1      | Reached XP level 2. HP: 21/22 MP: 2/2
  1069 | D:1      | Reached XP level 3. HP: 28/28 MP: 3/3
  2665 | D:2      | Reached skill level 4 in Long Blades
  2719 | D:2      | Reached XP level 4. HP: 31/34 MP: 4/4
  3440 | D:3      | Noticed an ice beast
  3959 | D:3      | Found an opulent altar of Gozag.
  5056 | D:3      | Reached XP level 5. HP: 41/41 MP: 5/5
  5706 | D:3      | Noticed a centaur
  5713 | D:3      | Killed a centaur
  5713 | D:3      | Reached skill level 5 in Long Blades
  6106 | D:4      | Found a staircase to the Ecumenical Temple.
  6141 | Temple   | Entered the Ecumenical Temple
  6156 | Temple   | Became a worshipper of Qazlal Stormbringer
  6236 | D:4      | Reached XP level 6. HP: 44/48 MP: 6/6
  6282 | D:4      | Reached skill level 1 in Invocations
  6372 | D:4      | Found a hide-covered altar of Uskayaw.
  6385 | D:4      | Found a deep blue altar of Sif Muna.
  6523 | D:4      | Noticed Blork the orc
  6534 | D:4      | Killed Blork the orc
  6659 | D:4      | Noticed Sigmund
  6868 | D:4      | Killed Sigmund
  6868 | D:4      | Reached XP level 7. HP: 53/55 MP: 8/8
  7086 | D:4      | Noticed Dowan
  7087 | D:4      | Noticed Duvessa
  7106 | D:4      | Reached skill level 6 in Long Blades
  7123 | D:4      | Killed Duvessa
  7123 | D:4      | Reached skill level 5 in Fighting
  7481 | D:4      | Killed Dowan
  7992 | D:4      | Reached * piety under Qazlal
  8709 | D:4      | Reached XP level 8. HP: 57/63 MP: 10/10
  8738 | D:5      | Entered Level 5 of the Dungeon
  8814 | D:5      | Found a sacrificial altar of Ru.
  8860 | D:5      | Found a runed door.
  8895 | D:5      | Noticed Crazy Yiuf
  8911 | D:5      | Killed Crazy Yiuf
  9369 | D:5      | Noticed Prince Ribbit
  9800 | D:5      | Killed Prince Ribbit
  9800 | D:5      | Reached skill level 7 in Long Blades
  9863 | D:5      | Noticed kae's ghost (amateur FoFi)
 10278 | D:5      | Found a bloodstained altar of Trog.
 10606 | D:6      | Reached skill level 1 in Evocations
 11084 | D:6      | Reached skill level 5 in Invocations
 11120 | D:6      | Reached XP level 9. HP: 67/71 MP: 12/12
 11223 | D:6      | Found a shadowy altar of Dithmenos.
 11547 | D:7      | Noticed jbasstz's ghost (novice TrFi)
 11631 | D:6      | Slain by a hippogriff

Vault maps used:
D:1:      sevenhm_arrival_forest_fort_large_2
D:2:      wad_crossroads, first_bread, minmay_bisected
D:3:      nicolae_gozag_cash_rules_everything_around_me, minivault_26
D:4:      minitemple, uniq_duvessa, uniq_blork_the_orc, uniq_sigmund
D:5:      kennysheep_mini, nicolae_overflow_crystal_walls,
          uniq_crazy_yiuf_cottage, uniq_prince_ribbit1
D:6:      serial_glass, glass_columns_a, glass_columns_b,
          grunt_dithmenos_shadows
Temple:   regret_index_temple_waves

Skill      XL: |  1  2  3  4  5  6  7  8 |
---------------+-------------------------+-----
Fighting       | 2 3 4 5 6 |  6.6
Long Blades    | 4 5 6 7 |  7.7
Invocations    | 2 3 5 |  5.0
Evocations     | 1 |  1.9
Throwing       | |  1.5
Armour         | |  0.4
Dodging        | |  3.2

Action                   |  1- 3 |  4- 6 |  7- 9 || total
-------------------------+-------+-------+-------++-------
Melee: Long sword        |   107 |   171 |       ||   278
       Bite              |    18 |    32 |    44 ||    94
       Unarmed           |       |     6 |     5 ||    11
       Short sword       |       |    20 |    67 ||    87
       Dagger            |       |       |   307 ||   307
 Abil: Bat Form          |       |     6 |     5 ||    11
       End Transformatio |       |     6 |     4 ||    10
  Use: Potion            |     1 |     6 |    14 ||    21
       Scroll            |       |       |     8 ||     8
 Stab: Sleeping          |     2 |     5 |     3 ||    10
  Eat: Corpse            |     1 |     2 |       ||     3
Armor: Leather armour    |    22 |    32 |    38 ||    92
Dodge: Dodged            |    77 |   127 |   155 ||   359
Block: Other             |       |       |     9 ||     9
       Rpst.: Long sword |    23 |    35 |       ||    58
